 Dungeon Crawl Stone Soup version 0.29-a0-414-g5075937ec3 (webtiles) character file.

Game seed: 17861306363682333833

55 purpskrrrp the Skirmisher (level 3, 0/35 HPs)
             Began as a Gnoll Wanderer on May 16, 2022.
             Slain by a sky beast (6 damage)
             ... on level 3 of the Dungeon.
             The game lasted 00:10:43 (1848 turns).

purpskrrrp the Skirmisher (Gnoll Wanderer)          Turns: 1848, Time: 00:10:44

Health: 0/35       AC: 11    Str:  9    XL:     3   Next: 93%
Magic:  4/4        EV:  0    Int:  8    God:
Gold:   148        SH:  0    Dex: 18    Spells: 4/4 levels left

rFire   . . .      SeeInvis .   m - +0 glaive
rCold   . . .      Faith    .   (shield currently unavailable)
rNeg    . . .      Spirit   .   s - +0 plate armour
rPois   .          Reflect  .   (no helmet)
rElec   .          Harm     .   c - +0 cloak
rCorr   .          Rampage  .   (no gloves)
Will    .....                   (no boots)
Stlth   ..........              o - amulet of magic regeneration
HPRegen 0.11/turn               (no ring)
MPRegen 0.49/turn               (no ring)

@: no status effects
A: fangs 1, strong nose, distributed training
a: no special abilities


You were on level 3 of the Dungeon.
You visited 1 branch of the dungeon, and saw 3 of its levels.

You collected 172 gold pieces.
You spent 24 gold pieces at shops.

Inventory:

Hand Weapons
 a - a +1 falchion
 f - a +0 hand axe
 i - a +0 mace
 m - a +0 glaive (weapon)
Armour
 b - a +0 buckler of protection
 c - a +0 cloak (worn)
 e - a +0 leather armour
 l - a +0 kite shield
 r - a +0 ring mail
 s - a +0 plate armour (worn)
Jewellery
 o - an amulet of magic regeneration (around neck)
 t - a ring of see invisible
Scrolls
 p - a scroll of identify
 q - a scroll of noise {unknown}
Potions
 d - a potion of lignification
 g - a potion of cancellation
 h - a potion of haste
 j - a potion of resistance {unknown}
 k - 2 potions of brilliance {unknown}
 n - a potion of heal wounds {unknown}
 u - a potion of curing {unknown}


   Skills:
 + Level 6.5 Fighting
 + Level 1.0 Short Blades
 + Level 4.6 Long Blades
 + Level 1.0 Axes
 + Level 1.0 Maces & Flails
 + Level 1.0 Polearms
 + Level 1.0 Staves
 + Level 1.0 Slings
 + Level 1.0 Bows
 + Level 1.0 Crossbows
 + Level 1.0 Throwing
 + Level 1.0 Armour
 + Level 1.0 Dodging
 + Level 6.0 Stealth
 + Level 4.6 Shields
 + Level 1.0 Unarmed Combat
 + Level 1.0 Spellcasting
 + Level 0.7 Conjurations
 + Level 0.7 Hexes
 + Level 0.7 Summonings
 + Level 0.7 Necromancy
 + Level 0.7 Translocations
 + Level 0.7 Transmutations
 + Level 0.7 Fire Magic
 + Level 0.7 Ice Magic
 + Level 0.7 Air Magic
 + Level 0.7 Earth Magic
 + Level 0.7 Poison Magic
 + Level 1.0 Invocations
 + Level 1.0 Evocations


You had 4 spell levels left.
You didn't know any spells.
Your spell library contained the following spells:

 Spells                   Type           Power      Damage    Failure   Level
 Slow                     Hex            4%         N/A       100%        1
 Ignite Poison            Fire/Tmut/Pois 1%         N/A       100%        3
 Mephitic Cloud           Conj/Pois/Air  1%         N/A       100%        3
 Freezing Cloud           Conj/Ice/Air   0%         6-21      100%        5


Dungeon Overview and Level Annotations

Branches:
Dungeon (3/15)

Altars:

Shops:
D:1 *


Innate Abilities, Weirdness & Mutations

You have very sharp teeth.
Your uncanny sense of smell can sniff out nearby items.
Your experience applies equally to all skills.


Message History

There is a stone staircase leading down here.
You can't go down here!
There is a stone staircase leading down here.
You climb downwards.
There is a stone staircase leading up here.
A kobold comes into view. It is wielding a +0 short sword.
The kobold shouts!
The kobold throws a stone.
The stone hits you but does no damage.
The kobold throws a stone.
The stone hits you but does no damage.
A sky beast and a rat come into view.
The kobold hits you with a +0 short sword.
You closely miss the kobold.
The kobold hits you with a +0 short sword.
You closely miss the kobold.
The kobold hits you with a +0 short sword.
The kobold hits you but does no damage.
You slash the kobold!
You kill the kobold!
The rat bites you but does no damage. x2
You barely miss the sky beast.
The sky beast hits you but does no damage.
The rat bites you but does no damage.
You completely miss the sky beast. The sky beast hits you.
The sky beast shocks you. The rat bites you but does no damage.
The sky beast hits you but does no damage.
The rat bites you but does no damage.
You barely miss the sky beast.
You bite the sky beast, but do no damage.
The sky beast hits you but does no damage.
The rat bites you but does no damage.
You hit the sky beast but do no damage.
The sky beast hits you but does no damage.
The rat bites you. The rat bites you but does no damage.
The sky beast hits you. The sky beast shocks you.
* * * LOW HITPOINT WARNING * * *
The rat attacks as you move away! The rat bites you but does no damage.
The sky beast attacks as you move away! The sky beast hits you.
* * * LOW HITPOINT WARNING * * *
The sky beast shocks you.
You die...

#........#
#........###
#...........
###..........
#..........#
#.........#
#<........##
#.......r..###...
#......@Y.)......
#................
######.....##....
#.....# ...
#.....# . #.....#
#...... #.....##


You could see a sky beast and a rat.

Vanquished Creatures
  A worm (D:2)
  4 dart slugs
  5 endoplasms
  3 giant cockroaches
  4 goblins (D:1)
  2 hobgoblins (D:1)
  5 kobolds
  2 quokkas (D:2)
  4 ball pythons
  4 bats
  3 frilled lizards
  6 rats
43 creatures vanquished.

Vanquished Creatures (others)
  2 fungi (D:1)
2 creatures vanquished.

Grand Total: 45 creatures vanquished

Notes
Turn   | Place    | Note
-------+----------+-------------------------------------------
     0 | D:1      | purpskrrrp the Gnoll Wanderer began the quest for the Orb.
     0 | D:1      | purpskrrrp set off with the following items: a +0 falchion,
                  | a +0 buckler of protection, a +0 cloak, a potion of
                  | lignification, a +0 leather armour
     0 | D:1      | Reached XP level 1. HP: 23/23 MP: 1/1
   201 | D:1      | Reached XP level 2. HP: 28/29 MP: 2/2
   353 | D:1      | Found a faded altar of an unknown god.
   358 | D:1      | Got Plato's Guide on Execration
   518 | D:1      | Reached XP level 3. HP: 30/35 MP: 3/3
   578 | D:1      | Found Vyrosoep's Assorted Antiques.
   590 | D:1      | Bought a scroll labelled QIX NEUNNI for 24 gold pieces
  1166 | D:2      | Reached skill level 1 in Invocations
  1715 | D:2      | Reached skill level 1 in Short Blades
  1715 | D:2      | Reached skill level 1 in Axes
  1715 | D:2      | Reached skill level 1 in Maces & Flails
  1715 | D:2      | Reached skill level 1 in Polearms
  1715 | D:2      | Reached skill level 1 in Staves
  1715 | D:2      | Reached skill level 1 in Slings
  1715 | D:2      | Reached skill level 1 in Bows
  1715 | D:2      | Reached skill level 1 in Crossbows
  1715 | D:2      | Reached skill level 1 in Throwing
  1715 | D:2      | Reached skill level 1 in Armour
  1715 | D:2      | Reached skill level 1 in Dodging
  1715 | D:2      | Reached skill level 1 in Unarmed Combat
  1715 | D:2      | Reached skill level 1 in Spellcasting
  1715 | D:2      | Reached skill level 1 in Evocations
  1838 | D:3      | Noticed a sky beast
  1848 | D:3      | Slain by a sky beast

Illustrated notes

Levels and vault maps discovered:
D:1:      sevenhm_arrival_forest_fort_small_3, layout_loops_corners,
          serial_shops, shop, shapermc_ecumenical_altar_rom_forum,
          dreamdust_mushroom_princess
D:2:      layout_rooms
D:3:      layout_rooms, chequers_temple_overflow_minitemple

Skill      XL: |  1  2  3 |
---------------+----------+-----
Stealth        | 6 |  6.0
Invocations    | 1 |  1.0
Short Blades   | 1 |  1.0
Axes           | 1 |  1.0
Maces & Flails | 1 |  1.0
Polearms       | 1 |  1.0
Staves         | 1 |  1.0
Slings         | 1 |  1.0
Bows           | 1 |  1.0
Crossbows      | 1 |  1.0
Throwing       | 1 |  1.0
Armour         | 1 |  1.0
Dodging        | 1 |  1.0
Unarmed Combat | 1 |  1.0
Spellcasting   | 1 |  1.0
Evocations     | 1 |  1.0
Fighting       | |  6.5
Long Blades    | |  4.6
Shields        | |  4.6
Conjurations   | |  0.7
Hexes          | |  0.7
Summonings     | |  0.7
Necromancy     | |  0.7
Translocations | |  0.7
Transmutations | |  0.7
Fire Magic     | |  0.7
Ice Magic      | |  0.7
Air Magic      | |  0.7
Earth Magic    | |  0.7
Poison Magic   | |  0.7

Action                   || total
-------------------------++-------
Melee: Falchion          ||    90
       Bite              ||    16
       Glaive            ||    21
  Use: Scroll            ||     5
 Stab: Sleeping          ||    19
Armor: Leather armour    ||    20
       Plate armour      ||    28
Dodge: Dodged            ||    20
Block: Buckler           ||     7
       Kite shield       ||    23

Table legend: (Time is in decaauts)
 A = Elapsed time spent in this place.
 B = Non-inter-level travel time spent in this place.
 C = Inter-level travel time spent in this place.
 D = Time resting spent in this place.
 E = Time spent auto-exploring this place.
 F = Levels seen in this place.
 G = Mean time per level.
                   A        B        C        D        E       F      G
               +--------+--------+--------+--------+--------+-----+--------+
         Total |   1877 |   1629 |    248 |    194 |    947 |   3 |  625.7 |
       Dungeon |   1877 |   1629 |    248 |    194 |    947 |   3 |  625.7 |
               +--------+--------+--------+--------+--------+-----+--------+

Top non-repeatable levels by time:
     D:1: 1078 daAuts
     D:2: 776 daAuts
     D:3: 22 daAuts
